 Dungeon Crawl Stone Soup version 0.30-a0-782-ge64f9170bb (webtiles) character file.

Game seed: 10568362123269092422

29624 Dirian the Severer (level 13, -15/116 HPs)
             Began as a Minotaur Fighter on Mar 8, 2023.
             Was a Priest of Trog.
             Demolished by a cane toad (17 damage)
             ... on level 4 of the Lair of Beasts.
             The game lasted 00:38:39 (15589 turns).

Dirian the Severer (Minotaur Fighter)              Turns: 15589, Time: 00:38:40

Health: -15/116    AC: 27    Str: 26    XL:     13   Next: 16%
Magic:  12/12      EV:  7    Int:  5    God:    Trog [***...]
Gold:   1076       SH: 17    Dex: 10    Spells: 12/12 levels left

rFire   + . .      SeeInvis .    a - +0 war axe (protect)
rCold   . . .      Faith    .    H - +0 kite shield
rNeg    + . .      Spirit   .    J - +1 chain mail {rN+}
rPois   +          Reflect  +    (helmet unavailable)
rElec   .          Harm     .    p - +1 cloak {rCorr}
rCorr   +          Rampage  .    C - +0 pair of gloves
Will    ++...                    s - +0 pair of boots Stlth
                                 T - amulet of reflection
HPRegen 1.39/turn                F - ring of protection from fire
MPRegen 0.13/turn                K - ring of poison resistance

@: lethally poisoned (-15 -> -17), strong-willed, under a protective aura,
regenerating
A: horns 3, retaliatory headbutt, iridescent scales 1
a: Renounce Religion, Berserk, Trog's Hand


You were on level 4 of the Lair of Beasts.
You worshipped Trog.
Trog was most pleased with you.
You visited 2 branches of the dungeon, and saw 17 of its levels.

You collected 1490 gold pieces.
You spent 414 gold pieces at shops.

Inventory:

Hand Weapons
 a - a +0 war axe of protection (weapon)
 I - a +0 morningstar
Missiles
 i - 4 throwing nets (quivered)
Armour
 c - a +0 plate armour
 p - a +1 cloak of preservation (worn)
 s - a +0 pair of boots (worn)
 C - a +0 pair of gloves (worn)
 H - a +0 kite shield (worn)
 J - a +1 chain mail of positive energy (worn)
 W - +0 swamp dragon scales
Jewellery
 f - a ring of willpower
 l - a ring of flight
 x - a ring of see invisible
 A - a ring of protection from cold
 F - a ring of protection from fire (left hand)
 K - a ring of poison resistance (right hand)
 T - an amulet of reflection (around neck)
 X - a ring of fire
 Y - a ring of protection from cold
Wands
 v - a wand of digging (11)
 y - a wand of acid (10)
 D - a wand of flame (13)
 E - a wand of polymorph (31)
 R - a wand of paralysis (4)
 U - a wand of iceblast (4)
Scrolls
 g - 5 scrolls of immolation
 j - 2 scrolls of fear
 r - 10 scrolls of identify
 t - 11 scrolls of teleportation
 u - a scroll of acquirement
 z - 2 scrolls of blinking
 B - 3 scrolls of fog
 L - a scroll of silence
 M - a scroll of butterflies
 N - a scroll of enchant armour
 O - 2 scrolls of magic mapping
 S - a scroll of poison
 V - 2 scrolls of enchant weapon
Potions
 b - 2 potions of attraction
 d - 5 potions of might
 e - 3 potions of lignification
 h - 2 potions of haste
 k - 2 potions of mutation
 m - a potion of invisibility
 n - 2 potions of resistance
 o - 2 potions of flight
 q - a potion of curing
 w - 8 potions of heal wounds
 G - 10 potions of ambrosia
 P - a potion of magic
 Q - a potion of cancellation


   Skills:
 + Level 11.0 Fighting
 + Level 15.7 Axes
 - Level 1.1(10.3) Maces & Flails
 + Level 11.2 Armour
 + Level 13.0 Shields
 * Level 8.0 Evocations


You had 12 spell levels left.
You didn't know any spells.
Your spell library was empty.

Dungeon Overview and Level Annotations

Branches:
Dungeon (13/15) Zot: 26713  Temple (0/1) D:7            Lair (4/5) D:11 Zot: 19953
  Swamp (0/4) Lair:3       Spider (0/4) Lair:2        Slime (0/5) Lair:4
    Orc (0/2) D:10
 Vaults: D:13-14

Altars:
Dithmenos
Fedhas
Ru
Trog

Shops:
D:3 [

Annotations:
D:13 Sonja


Innate Abilities, Weirdness & Mutations

You have a pair of large horns on your head.
You reflexively headbutt those who attack you in melee.
You are partially covered in iridescent scales. (AC +2)


Message History

You fall asleep.
The dream sheep bleats!
You hear an angry hiss.
The water moccasin bites you!
You wake up.
The water moccasin attacks as you move away!
You block the water moccasin's attack.
Your skin crawls.
You feel strong-willed.
You can no longer call in reinforcements.
You block the water moccasin's attack.
The water moccasin bites you but does no damage.
You barely miss the water moccasin. The water moccasin barely misses you.
You closely miss the water moccasin. You block the water moccasin's attack.
You hit the water moccasin.
Your weapon exudes an aura of protection.
The water moccasin is moderately wounded.
You block the water moccasin's attack.
You barely miss the water moccasin.
The water moccasin is moderately wounded.
You block the water moccasin's attack. x2
You slice the water moccasin!!
The water moccasin is almost dead.
You block the water moccasin's attack.
The dream sheep shakes its wool and sparkles.
You feel drowsy...
You fall asleep.
The water moccasin bites you but does no damage. x4
The cane toad stings you!!!
You wake up.
* * * LOW HITPOINT WARNING * * *
You are lethally poisoned!
The cane toad poisons you!
The dream sheep bites you but does no damage.
You hear an angry hiss.
You hear a bleat!
You hear a croak.
You hear an angry hiss.
You hit the water moccasin.
You kill the water moccasin!
Trog accepts your kill.
You slash the cane toad! You hit the dream sheep.
* * * LOW HITPOINT WARNING * * *
You feel very sick. The cane toad stings you!
You die...

.##....?....,....**##..#.*,,*****
...........,,,P..##P#....****
........##,***#.......P.,***
.).....#†#** *P....#.##,,,****
..#....#.# *#.......##,,,*,*
.......†## ###......#.#,,,,,***
.........#####.........#,,,,,~,,,
...)....##.#.#..Y†Y....##≈~~*,,,,
.[##....##.....F@#........~*~,,*,
...###.......##.###.....#.*~,,,*~
.....#P..>...>### *#.....≈,,,,,*~
.....##...##....#**,......,,,,∩*~
##......F..........,,.....,*****~
**#.....#######.....,..Y..,,~~~~~
,,.......,,,***#..#.,,.#Y.*,,,,,*
,,.#####.,,,,***#...,,....**,,,**
,,,,* *,,,,,,,* *###,,,,,,,*,***


You could see a cane toad and 2 dream sheep.

Vanquished Creatures
  Harold (Lair:1)
  2 hydras
  A two-headed ogre (D:10)
  3 alligators (Lair:3)
  A death yak (Lair:1)
  Urug (Lair:1)
  A skyshark (Lair:4)
  The ghost of Leeroy the Carver, a novice VSWr of Wu Jian (D:7)
  2 swamp dragons (Lair:3)
  Pikel (D:7)
  An ugly thing (D:12)
  4 cyclopes
  An elephant (Lair:4)
  A torpor snail (Lair:4)
  5 cane toads
  3 kobold demonologists (D:11)
  4 komodo dragons
  A queen bee (D:10)
  A tyrant leech (Lair:3)
  3 meliai
  A hornet (D:8)
  A polar bear (Lair:3)
  A dream sheep (shapeshifter) (D:13)
  7 dream sheep (Lair:4)
  A vampire (D:10)
  3 slime creatures (D:12)
  A spriggan (Lair:1)
  Sigmund (D:2)
  3 wraiths
  2 wyverns
  20 yaks
  3 basilisks
  2 steam dragons
  2 swamp worms (Lair:3)
  2 acid dragons
  9 water moccasins
  2 swamp drakes (Lair:3)
  5 ice beasts
  3 orc warriors
  2 black bears
  An ogre (D:5)
  9 wolves
  A centaur (shapeshifter) (D:13)
  2 phantoms
  4 lemures
  A kobold brigand (D:8)
  2 necrophages
  14 bullfrogs
  A gnoll sergeant (D:9)
  4 scorpions
  7 wights
  38 killer bees
  7 howler monkeys
  2 electric eels (Lair:3)
  7 jellies
  2 hounds
  2 gnoll boudas
  3 orc priests
  Ijyb (D:4)
  3 iguanas
  11 orc wizards
  Robin (D:3)
  10 gnolls
  5 adders
  2 shadow imps (D:5)
  2 white imps
  An ufetubus (D:7)
  3 worms
  3 dart slugs
  29 orcs
  10 ball pythons
  3 bats
  6 endoplasms
  A giant cockroach (D:3)
  21 goblins
  8 hobgoblins
  3 jackals (D:1)
  5 quokkas
  3 frilled lizards
  22 kobolds
  4 rats
373 creatures vanquished.

Vanquished Creatures (others)
  A tyrant leech (Lair:3)
  10 fungi
  26 plants
37 creatures vanquished.

Grand Total: 410 creatures vanquished

Notes
Turn   | Place    | Note
-------+----------+-------------------------------------------
     0 | D:1      | Dirian the Minotaur Fighter began the quest for the Orb.
     0 | D:1      | Reached XP level 1. HP: 19/19 MP: 0/0
    62 | D:1      | Reached XP level 2. HP: 25/27 MP: 1/1
   635 | D:1      | Reached skill level 3 in Axes
   746 | D:1      | Gained mutation: You are partially covered in iridescent
                  | scales. (AC +2) [potion of mutation]
   746 | D:1      | Gained mutation: You have a pair of large horns on your
                  | head. [potion of mutation]
   808 | D:2      | Reached XP level 3. HP: 33/33 MP: 2/2
  1260 | D:2      | Noticed Sigmund
  1280 | D:2      | Killed Sigmund
  1281 | D:2      | Reached skill level 5 in Axes
  1281 | D:2      | Reached XP level 4. HP: 29/41 MP: 3/3
  1281 | D:2      | Reached XP level 5. HP: 33/47 MP: 4/4
  1622 | D:3      | Noticed Robin
  1631 | D:3      | Killed Robin
  1794 | D:3      | Reached XP level 6. HP: 51/53 MP: 5/5
  1891 | D:3      | Found a bloodstained altar of Trog.
  1903 | D:3      | Became a worshipper of Trog the Wrathful
  1982 | D:3      | Reached skill level 5 in Armour
  1995 | D:3      | Found Visoo's Armour Boutique.
  2121 | D:3      | Found a faded altar of an unknown god.
  2209 | D:3      | Bought a +1 cloak of preservation for 198 gold pieces
  2347 | D:4      | Reached skill level 6 in Axes
  2619 | D:4      | Reached skill level 5 in Fighting
  2851 | D:4      | Noticed Ijyb
  2860 | D:4      | Killed Ijyb
  2861 | D:4      | Reached XP level 7. HP: 57/61 MP: 6/6
  3017 | D:5      | Entered Level 5 of the Dungeon
  3027 | D:5      | Reached skill level 7 in Axes
  3145 | D:5      | Reached * piety under Trog
  3146 | D:5      | Reached skill level 5 in Shields
  3357 | D:5      | Reached skill level 8 in Axes
  3463 | D:5      | Identified a scroll of acquirement
  3725 | D:5      | Reached XP level 8. HP: 69/69 MP: 7/7
  3899 | D:6      | Found a blossoming altar of Fedhas.
  3932 | D:6      | Reached skill level 9 in Axes
  4132 | D:6      | Found a transporter.
  4149 | D:6      | Found a sacrificial altar of Ru.
  4279 | D:6      | Found a transporter.
  4329 | D:6      | Reached skill level 10 in Axes
  4773 | D:6      | Reached ** piety under Trog
  4774 | D:6      | Reached XP level 9. HP: 66/78 MP: 8/8
  4825 | D:7      | Noticed Pikel
  4938 | D:7      | Noticed Leeroy's ghost (novice VSWr)
  4942 | D:7      | Found a runed translucent door.
  5015 | D:7      | Found a staircase to the Ecumenical Temple.
  5048 | D:7      | Reached skill level 1 in Evocations
  5054 | D:7      | Reached skill level 11 in Axes
  5076 | D:7      | Killed Pikel
  5992 | D:7      | Killed Leeroy's ghost
  6306 | D:8      | Reached XP level 10. HP: 86/86 MP: 9/9
  6322 | D:8      | Reached skill level 12 in Axes
  6932 | D:3      | Bought a +0 pair of gloves for 54 gold pieces
  6932 | D:3      | Bought a +1 chain mail of positive energy for 162 gold
                  | pieces
  7710 | D:10     | Entered Level 10 of the Dungeon
  7890 | D:10     | Reached *** piety under Trog
  8232 | D:10     | Noticed a two-headed ogre
  8238 | D:10     | Killed a two-headed ogre
  8337 | D:10     | Found a staircase to the Orcish Mines.
  8629 | D:10     | Reached skill level 13 in Axes
  8650 | D:10     | Reached skill level 10 in Shields
  8650 | D:10     | Reached XP level 11. HP: 19/95 MP: 10/10
  9497 | D:11     | Reached skill level 5 in Evocations
  9821 | D:11     | Found a staircase to the Lair.
  9969 | D:11     | Found a shadowy altar of Dithmenos.
 10772 | D:12     | Noticed a brown ugly thing
 10786 | D:12     | Killed a brown ugly thing
 11471 | D:13     | Noticed Sonja
 11558 | Lair:1   | Entered Level 1 of the Lair of Beasts
 11581 | Lair:1   | Reached skill level 14 in Axes
 11805 | Lair:1   | Noticed Urug
 11811 | Lair:1   | Killed Urug
 11865 | Lair:1   | Noticed Harold
 11880 | Lair:1   | Killed Harold
 11880 | Lair:1   | Reached **** piety under Trog
 11881 | Lair:1   | Reached XP level 12. HP: 100/106 MP: 11/11
 12508 | Lair:1   | Noticed a death yak
 12518 | Lair:1   | Killed a death yak
 12519 | Lair:1   | Reached skill level 10 in Armour
 12732 | Lair:2   | Reached skill level 10 in Fighting
 12983 | Lair:2   | Found a hole to the Spider Nest.
 13105 | Lair:2   | You fall into a shaft and drop 1 floor!
 13199 | Lair:3   | Noticed a six-headed hydra
 13210 | Lair:3   | Killed a six-headed hydra
 13845 | Lair:2   | Reached skill level 1 in Maces & Flails
 14065 | Lair:3   | Reached skill level 15 in Axes
 14177 | Lair:3   | Found a staircase to the Swamp.
 14414 | Lair:3   | Noticed an alligator
 14439 | Lair:3   | Killed an alligator
 14515 | Lair:3   | Noticed an alligator
 14523 | Lair:3   | Killed an alligator
 14797 | Lair:3   | Noticed an alligator
 14805 | Lair:3   | Killed an alligator
 15462 | Lair:4   | Reached XP level 13. HP: 59/115 MP: 12/12
 15588 | Lair:4   | HP: 3/116 [cane toad (52)]
 15589 | Lair:4   | Demolished by a cane toad

Illustrated notes

Levels and vault maps discovered:
D:1:      dpeg_arrival_arbitrary_a, layout_basic
D:2:      layout_rooms, minmay_surrounded, uniq_sigmund
D:3:      corexii_shack_village, layout_rooms, trog_three_pillars_becter,
          serial_shops, shop, ebering_ecumenical_altar_box, uniq_robin
D:4:      layout_basic, minivault_19, uniq_ijyb
D:5:      layout_basic, hangedman_decor_riveting
D:6:      gammafunk_cloud_chamber, layout_basic,
          mainiacjoe_overflow_catch_the_wave, minmay_misc_feat_x
D:7:      layout_cave_pods, minmay_temple_entry_statues_pillars,
          hellmonk_ghost_happy_afterlife, uniq_pikel
D:8:      layout_basic, chequers_serial_rivers_micro_c
D:9:      layout_big_octagon, minmay_liquid_box, kennysheep_generic_room_3
D:10:     layout_layer_cave, orc_0_dummy, special_room [special_room_bee]
D:11:     layout_roguey, erik_lair_dragon, grunt_dithmenos_smoke
D:12:     layout_roguey, amcnicky_mini_pool_small
D:13:     layout_basic, grunt_vaults_entry_fortified,
          minmay_fractal_squares_diagonal_5, uniq_josephine, uniq_sonja,
          uniq_frances
Lair:1:   wad_woods_04, layout_long_grid, uniq_harold, uniq_urug
Lair:2:   layout_long_grid, hellmonk_spider_entry_not_the_bees,
          amcnicky_mini_pool_medium, grunt_megastairs_3, lemuel_fruit_tree
Lair:3:   onia_ninara_swampy_vault, layout_loops_ring, minmay_swamp_entry_eels,
          chequers_serial_rivers_micro_c, minivault_19
Lair:4:   regret_index_combs_of_tragedy, layout_misc_corridors,
          minmay_slime_entry_oklob_enclosed, portal_ice_cave_rime

Skill      XL: |  1  2  3  4  5  6  7  8  9 10 11 12 13 |
---------------+----------------------------------------+-----
Armour         | 4 5 6 7 8 9 11 | 11.2
Shields        | 4 5 6 8 10 11 12 13 | 13.0
Fighting       | 4 5 6 7 8 9 10 11 | 11.0
Axes           | 3 5 6 8 10 11 13 14 15 | 15.7
Evocations     | 3 4 6 7 8 |  8.0
Maces & Flails | 1 |  1.1

Action                     |  1- 3 |  4- 6 |  7- 9 | 10-12 | 13-15 || total
---------------------------+-------+-------+-------+-------+-------++-------
  Melee: War axe           |    91 |   117 |   241 |   747 |    54 ||  1250
         Headbutt          |     7 |     9 |    35 |   185 |    12 ||   248
         Morningstar       |       |       |       |    12 |     6 ||    18
 Invoke: Berserk           |       |       |     3 |     9 |     1 ||    13
         Trog's Hand       |       |       |     1 |    14 |     5 ||    20
  Evoke: Wand              |       |       |       |       |     3 ||     3
    Use: Scroll            |     5 |     3 |     4 |     7 |       ||    19
         Potion            |     7 |     2 |     4 |     2 |       ||    15
   Stab: Confused          |       |       |       |     1 |       ||     1
 Armour: Scale mail        |    55 |    60 |   112 |    27 |       ||   254
         Chain mail        |       |       |       |   302 |    39 ||   341
  Dodge: Dodged            |    40 |    50 |    68 |   156 |    11 ||   325
  Block: Buckler           |    18 |    29 |       |       |       ||    47
         Kite shield       |       |    18 |   204 |   559 |    50 ||   831
         Reflection        |       |       |     3 |     3 |       ||     6

Table legend: (Time is in decaauts)
 A = Elapsed time spent in this place.
 B = Non-inter-level travel time spent in this place.
 C = Inter-level travel time spent in this place.
 D = Time resting spent in this place.
 E = Time spent auto-exploring this place.
 F = Levels seen in this place.
 G = Mean time per level.
                   A        B        C        D        E       F      G
               +--------+--------+--------+--------+--------+-----+--------+
         Total |  15750 |  14682 |   1068 |    430 |  11317 |  17 |  926.5 |
       Dungeon |  11704 |  10861 |    843 |    185 |   8683 |  13 |  900.3 |
          Lair |   4045 |   3820 |    225 |    244 |   2634 |   4 | 1011.2 |
               +--------+--------+--------+--------+--------+-----+--------+

Top non-repeatable levels by time:
    D:10: 1723 daAuts
  Lair:3: 1489 daAuts
     D:7: 1361 daAuts
    D:11: 1231 daAuts
  Lair:2: 1215 daAuts
  Lair:1: 1122 daAuts
     D:6: 1036 daAuts
     D:3: 962 daAuts
     D:5: 890 daAuts
     D:1: 816 daAuts
     D:4: 748 daAuts
    D:12: 711 daAuts
     D:8: 690 daAuts
     D:2: 690 daAuts
     D:9: 633 daAuts
